 Dungeon Crawl Stone Soup version 0.21-a0-584-g185da8e (console) character file.

226 nht the Archer (level 5, -3/41 HPs)
             Began as a Centaur Hunter on Dec 21, 2017.
             Slain by an orc wizard
             ... wielding a +0 short sword
              (5 damage)
             ... on level 3 of the Dungeon.
             The game lasted 00:02:09 (1949 turns).

nht the Archer (Centaur Hunter)                     Turns: 1949, Time: 00:02:10

Health: -3/41      AC:  5    Str: 21    XL:     5   Next: 69%
Magic:  5/5        EV:  9    Int: 10    God:
Gold:   125        SH:  0    Dex:  9    Spells: 4/4 levels left

rFire    . . .     SeeInvis .   r - +1 hand axe (freeze)
rCold    . . .     Gourm    .   (no shield)
rNeg     . . .     Faith    .   c - +0 leather armour
rPois    .         Spirit   .   e - +0 helmet
rElec    .         Reflect  .   (no cloak)
rCorr    .         Harm     .   (no gloves)
MR       .....                  (no barding)
Stlth    +.........             (no amulet)
HPRegen  0.13/turn              (no ring)
MPRegen  0.09/turn              (no ring)

@: mighty, lethally poisoned (-3 -> -8), very quick
A: large, hooves 3, deformed body, speed 2, tough skin 3
a: no special abilities


You were on level 3 of the Dungeon.
You were not hungry.

You visited 1 branch of the dungeon, and saw 3 of its levels.

You collected 125 gold pieces.

Inventory:

Hand Weapons
 a - a +1 shortbow
 b - a +0 short sword
 r - a +1 hand axe of freezing (weapon)
Missiles
 d - 13 arrows
Armour
 c - a +0 leather armour (worn)
 e - a +0 helmet (worn)
Jewellery
 i - an uncursed amulet of magic regeneration {unknown}
 j - an uncursed amulet of magic regeneration {unknown}
 m - a +4 ring of evasion {unknown}
Wands
 p - a wand of polymorph (13)
Scrolls
 h - a scroll of noise {unknown}
 k - 4 scrolls of identify {unknown}
 l - a scroll of fear {unknown}
 n - a scroll of teleportation {unknown}
 o - a scroll of fog {unknown}
 q - a scroll of remove curse {unknown}
 t - a scroll of enchant armour {unknown}
Potions
 s - a potion of might
Comestibles
 f - 6 rations
 g - 7 chunks of flesh


   Skills:
 - Level 2.0 Fighting
 + Level 9.1 Bows
 - Level 1.3 Dodging
 - Level 1.0 Stealth


You had 4 spell levels left.
You didn't know any spells.

Dungeon Overview and Level Annotations

Branches:
Dungeon (3/15)

Altars:


Innate Abilities, Weirdness & Mutations

You have hooves in place of feet.
Armour fits poorly on your strangely shaped body.
You cover ground very quickly.
You have extremely tough skin. (AC +3)


Message History

Deactivating autopickup; reactivate with Ctrl-A.
You hit the adder. You freeze the adder.
You kill the adder!
The orc priest returns to its original shape as it dies.
You feel sick.
You barely miss something. Your kick misses something.
You feel sick. Something hits you.
* * * LOW HITPOINT WARNING * * *
You barely miss something. You kick something!
You feel sick.
You hear some strange, mumbled words.
Something hits you but does no damage.
You barely miss something. Something hits you.
* * * LOW HITPOINT WARNING * * *
Something hits you but does no damage.
You barely miss something. Your kick misses something.
* * * LOW HITPOINT WARNING * * *
You feel sick. Something hits you.
* * * LOW HITPOINT WARNING * * *
Something hits you.
You die... ...██.....█ █.......██ ██████.██ █.█ █.█ ██'██

██...██ ██.....██ █
██.......██ ...
█.........████o....
+.......$.'@{lo....
█.........████...██
██....!..██ ██
██.....██ ██...██


██'██ █.█ █. You could see 2 orcs and a frilled lizard.

Vanquished Creatures
  An orc priest (D:3)
  Jessica (D:2)
  Terence (D:2)
  3 adders (D:3)
  2 oozes (D:2)
  4 worms
  3 dart slugs
  A leopard gecko (D:3)
  4 orcs (D:3)
  2 ball pythons
  4 giant cockroaches
  24 goblins
  10 hobgoblins
  12 kobolds
  3 bats
  5 frilled lizards
  6 rats
86 creatures vanquished.

Notes
Turn   | Place    | Note
-------+----------+-------------------------------------------
     0 | D:1      | nht the Centaur Hunter began the quest for the Orb.
     0 | D:1      | Reached XP level 1. HP: 17/17 MP: 1/1
   206 | D:1      | Reached skill level 1 in Stealth
   206 | D:1      | Reached XP level 2. HP: 23/24 MP: 2/2
   299 | D:1      | Reached skill level 6 in Bows
   793 | D:2      | Reached XP level 3. HP: 29/29 MP: 3/3
   990 | D:2      | Noticed Terence
  1004 | D:2      | Killed Terence
  1004 | D:2      | Reached skill level 7 in Bows
  1004 | D:2      | Reached XP level 4. HP: 20/36 MP: 4/4
  1034 | D:2      | Noticed Jessica
  1038 | D:2      | Killed Jessica
  1122 | D:2      | Reached skill level 8 in Bows
  1444 | D:3      | Reached XP level 5. HP: 37/41 MP: 5/5
  1926 | D:3      | Reached skill level 9 in Bows
  1949 | D:3      | HP: 2/41 [something (1)]
  1949 | D:3      | Slain by an orc wizard

Vault maps used:
D:1:      doesnt_arrival_eight_statues, minmay_pentomino_p4
D:2:      first_ration, minmay_small_reverse_x, uniq_jessica, uniq_terence
D:3:      cheibrodos_greedy_goblins, uniq_crazy_yiuf_cottage

Skill      XL: |  1  2  3  4  5 |
---------------+----------------+-----
Stealth        | 1 |  1.0
Bows           | 6 7 8 9 |  9.1
Fighting       | |  2.0
Dodging        | |  1.3

Action                   |  1- 3 |  4- 6 || total
-------------------------+-------+-------++-------
Melee: Hand axe          |       |    50 ||    50
       Kick              |       |     5 ||     5
 Fire: Shortbow          |   122 |    91 ||   213
Evoke: Wand              |       |     1 ||     1
  Use: Potion            |       |     4 ||     4
  Eat: Chunk             |       |     2 ||     2
Armor: Leather armour    |    10 |    25 ||    35
       Skin              |       |    18 ||    18
Dodge: Dodged            |    18 |    35 ||    53

Table legend:
 A = Spawn XP
 B = Non-spawn XP
 C = Spawn XP percentage of total XP
 D = Spawn monster count
 E = Non-spawn monster count
 F = Spawn count percentage of total count
 G = Total turns spent on level
                    A         B        C        D         E        F      G
               +---------+---------+-------+---------+---------+-------+---------
         Total |       0 |     324 |   0.0 |       0 |      86 |   0.0 |  1949
               +---------+---------+-------+---------+---------+-------+---------
           D:1 |       0 |      40 |   0.0 |       0 |      22 |   0.0 |   792
           D:2 |       0 |     137 |   0.0 |       0 |      31 |   0.0 |   533
           D:3 |       0 |     147 |   0.0 |       0 |      33 |   0.0 |   624
               +---------+---------+-------+---------+---------+-------+---------
